 Dungeon Crawl Stone Soup version 0.20-a0-2-g2b0e13a (console) character file.

80 brucemayne the Chopper (level 4, 0/35 HPs)
             Began as a Demonspawn Berserker on Oct 29, 2016.
             Was a Believer of Trog.
             Slain by a gnoll
             ... wielding a +0 spear
              (2 damage)
             ... on level 3 of the Dungeon.
             The game lasted 00:02:10 (541 turns).

brucemayne the Chopper (Demonspawn Berserker)        Turns: 541, Time: 00:02:11

Health: 0/35       AC:  8    Str: 24    XL:     4   Next: 18%
Magic:  0/4        EV: 11    Int: 10    God:    Trog [**....]
Gold:   55         SH:  0    Dex: 12    Spells: 0 memorised, 3 levels left

rFire  . . .     SeeInvis .     p - -1 hand axe (curse)
rCold  . . .     Gourm    .     n - +0 ring mail
rNeg   . . .     Faith    .     (no shield)
rPois  .         Spirit   .     (helmet restricted)
rElec  .         Reflect  .     (no cloak)
rCorr  .         Harm     .     (no gloves)
MR     .....                    (no boots)
Stlth  +.........               (no amulet)
                                (no ring)
                                (no ring)

@: mighty, exhausted, slowed, very slow
A: antennae 1, claws 1, thin metallic scales 2, clever 1, deterioration 1
a: Berserk, Trog's Hand, Burn Spellbooks, Renounce Religion


You were on level 3 of the Dungeon.
You worshipped Trog.
Trog was pleased with you.
You were hungry.

You visited 1 branch of the dungeon, and saw 3 of its levels.

You collected 55 gold pieces.

Inventory:

Hand Weapons
 a - a +1 hand axe
 p - a cursed -1 hand axe (weapon)
Armour
 b - a +0 animal skin
 n - a +0 ring mail (worn)
Scrolls
 g - 2 scrolls of enchant weapon
 h - a scroll of enchant armour
 l - a scroll of identify
Potions
 k - a potion of degeneration {unknown}
Comestibles
 c - a bread ration
 f - a meat ration
 o - 6 chunks of flesh


   Skills:
 - Level 3.0 Fighting
 + Level 4.6 Axes
 - Level 1.7 Armour
 - Level 1.7 Dodging


You had 3 spell levels left.
You didn't know any spells.

Dungeon Overview and Level Annotations

Branches:
Dungeon (3/15)

Altars:


Innate Abilities, Weirdness & Mutations

You have sharp fingernails.
You are mostly covered in thin metallic scales. (AC +3)
You have a pair of small antennae on your head.
Your mind is acute. (Int +2)
Your body sometimes deteriorates upon taking damage.


Message History

The gnoll sergeant barely misses you. The gnoll sergeant misses you.
The gnoll barely misses you.
It was a potion of might.
You feel very mighty all of a sudden. The gnoll barely misses you.
The gnoll sergeant closely misses you.
Okay, then.
You hit the gnoll sergeant.
The gnoll sergeant is lightly wounded.
You closely miss the gnoll. The gnoll hits you with a spear.
* * * LOW HITPOINT WARNING * * *
The gnoll sergeant hits you but does no damage.
The gnoll sergeant hits you with an antimagic spear!
* * * LOW HITPOINT WARNING * * *
You feel your power leaking away. The gnoll closely misses you.
It was a potion of mutation.
You feel extremely strange.
You feel clever. A pair of antennae grows on your head!
You feel yourself wasting away. The gnoll hits you with a spear.
You die...

#.# #...####...# #.# #.#
#......# #...# #.# #.#
#..##### ##..# #.# #.# #..#
#####..# #.# #.# #...
..##..# #.# #.# ..## #.##..#
###.# #.# ######.##..###
##...###.#
#..........g.#####.#......#
#.####(###g@)..........#####
#.# ###)#####.##....... ##.#
#....###...#####. #..#
####.# ##### #. #<## #.# #.
#.# #.# #. #.# #.# #. #.#
#.# #. #.# #.# #####.


You could see a gnoll sergeant and a gnoll.

Vanquished Creatures
  4 gnolls (D:3)
  An ooze (D:2)
  A leopard gecko (D:1)
  5 orcs (D:3)
  2 bats
  4 giant cockroaches
  4 goblins
  2 quokkas (D:2)
  A frilled lizard (D:2)
  4 kobolds
  4 rats
32 creatures vanquished.

Notes
Turn   | Place    | Note
-------+----------+-------------------------------------------
     0 | D:1      | brucemayne the Demonspawn Berserker began the quest for the Orb.
     0 | D:1      | Reached XP level 1. HP: 18/18 MP: 1/1
    65 | D:2      | Reached skill level 3 in Axes
   110 | D:3      | Gained mutation: You are partially covered in thin metallic scales. (AC +2) [demonic ancestry]
   110 | D:3      | Reached XP level 2. HP: 19/24 MP: 2/2
   238 | D:2      | Reached ** piety under Trog
   345 | D:3      | Gained mutation: You have sharp fingernails. [demonic ancestry]
   345 | D:3      | Reached XP level 3. HP: 29/29 MP: 3/3
   412 | D:3      | Reached skill level 4 in Axes
   528 | D:3      | Noticed a gnoll sergeant
   532 | D:3      | Gained mutation: You are mostly covered in thin metallic scales. (AC +3) [demonic ancestry]
   532 | D:3      | Reached XP level 4. HP: 22/35 MP: 4/4
   540 | D:3      | HP: 1/35 [gnoll sergeant/antimagic spear (7)]
   541 | D:3      | Gained mutation: Your mind is acute. (Int +2) [potion of mutation]
   541 | D:3      | Gained mutation: You have a pair of small antennae on your head. [potion of mutation]
   541 | D:3      | Gained mutation: Your body sometimes deteriorates upon taking damage. [potion of mutation]
   541 | D:3      | Slain by a gnoll

Vault maps used:
D:1:      dpeg_arrival_connections
D:2:      first_bread, uniq_iyjb

Skill      XL: |  1  2  3 |
---------------+----------+-----
Axes           | 3 4 |  4.6
Fighting       | |  3.0
Armour         | |  1.7
Dodging        | |  1.7

Action                   |  1- 3 |  4- 6 || total
-------------------------+-------+-------++-------
Melee: Hand axe          |   118 |     4 ||   122
Invok: Berserk           |     2 |       ||     2
  Use: Scroll            |     4 |       ||     4
       Potion            |       |     3 ||     3
Armor: Animal skin       |    22 |       ||    22
       Ring mail         |    20 |     4 ||    24
Dodge: Dodged            |    76 |     9 ||    85
